 Dungeon Crawl Stone Soup version 0.21.1-1-g345015fe64 (webtiles) character file.

1388 Kohma the Ruffian (level 8, -2/80 HPs)
             Began as a Troll Berserker on June 16, 2018.
             Was a Priest of Trog.
             Slain by a vampire (13 damage)
             ... on level 7 of the Dungeon.
             The game lasted 00:16:35 (4143 turns).

Kohma the Ruffian (Troll Berserker)                 Turns: 4143, Time: 00:16:36

Health: -2/80      AC:  7    Str: 26    XL:     8   Next: 40%
Magic:  7/7        EV: 11    Int:  3    God:    Trog [***...]
Gold:   382        SH:  0    Dex: 11    Spells: 7/7 levels left

rFire    . . .     SeeInvis .     - Unarmed
rCold    . . .     Gourm    +   (no shield)
rNeg     . . .     Faith    +   l - +2 robe {MR+}
rPois    .         Spirit   .   (helmet restricted)
rElec    .         Reflect  .   (no cloak)
rCorr    .         Harm     .   (gloves unavailable)
MR       +....                  (boots unavailable)
Stlth    +.........             y - amulet of faith
HPRegen  0.63/turn              (no ring)
MPRegen  0.10/turn              (no ring)

@: no status effects
A: large, unfitting armour, claws 3, fast metabolism 3, gourmand, regeneration
1, shaggy fur 1, tough skin 2
a: Berserk, Trog's Hand, Burn Spellbooks, Renounce Religion


You were on level 7 of the Dungeon.
You worshipped Trog.
Trog was most pleased with you.
You were very full.

You visited 2 branches of the dungeon, and saw 8 of its levels.
You also visited: Sewer.

You collected 382 gold pieces.

Inventory:

Hand Weapons
 c - a +0 blowgun
 h - a +1 hunting sling
Missiles
 g - 10 poisoned needles
 j - 140 stones
 n - 5 poisoned javelins (quivered)
 o - 15 javelins
 q - 9 tomahawks
 u - a throwing net
Armour
 l - a +2 robe of magic resistance (worn)
 A - the cursed +1 robe of the Pleiades {Dex+3}
   (You found it on level 5 of the Dungeon)

   It affects your dexterity (+3).
   It has a curse placed upon it.
Jewellery
 w - an uncursed ring of fire
 y - an amulet of faith (around neck)
Wands
 s - a wand of polymorph (5)
Scrolls
 a - 2 scrolls of fear
 d - 4 scrolls of remove curse
 f - 2 scrolls of amnesia
 k - 2 scrolls of teleportation
 v - 2 scrolls of random uselessness
 z - a scroll of enchant weapon
 B - a scroll of enchant armour
Potions
 e - 2 potions of flight
 i - 2 potions of resistance
 m - 2 potions of cancellation
 p - a potion of mutation {unknown}
 r - a potion of haste
 t - 3 potions of curing
 x - a potion of agility {unknown}
Comestibles
 b - 16 rations


   Skills:
 * Level 5.3 Fighting
 + Level 2.7 Throwing
 + Level 4.5 Dodging
 * Level 7.2 Unarmed Combat


You had 7 spell levels left.
You didn't know any spells.

Dungeon Overview and Level Annotations

Branches:
Dungeon (7/15)             Temple (1/1) D:4

Altars:
Ashenzari
Dithmenos
Hepliaklqana
Makhleb
Nemelex Xobeh
Okawaru
Qazlal
Ru
Trog
Uskayaw
Vehumet
Wu Jian
Xom
Zin

Shops:
D:4 *

Annotations:
D:7 Dowan, Duvessa


Innate Abilities, Weirdness & Mutations

You are too large for most types of armour.
You have claws for hands.
Your metabolism is lightning-fast.
You like to eat raw meat.
Your natural rate of healing is unusually fast.
You are covered in fur. (AC +1)
You have very tough skin. (AC +2)


Message History

Something draws strength from your injuries!
You barely miss something.
The howler monkey hoots and howls with incredible vigour!
Something hits you but does no damage. Something bites you but does no damage.
You barely miss something. You miss something. Something hits you.
Something bites you.
Something draws strength from your injuries!
Dowan mumbles some strange words.
Dowan blinks!
You claw something! You claw something. Something hits you.
Something bites you.
Something draws strength from your injuries!
Dowan gestures wildly while chanting.
Dowan blinks!
You scratch something but do no damage.
Unholy energy fills the air.
* * * LOW HITPOINT WARNING * * *
Something hits you.
* * * LOW HITPOINT WARNING * * *
Something bites you!
You die...

#.# #.# ##.## ...#
##..# # #...#
...######.§e#######
#.........h{@....#
#........#.#####.#
#........#.#
#........(..
#.....<.#..##
#.......#..#
#.......#..#
####.####..# #. ...


You could see Duvessa and a howler monkey.

Vanquished Creatures
  Sigmund (D:2)
  An ice beast (D:5)
  Purgy (Sewer)
  2 sky beasts
  An ogre (D:5)
  A scorpion (D:5)
  A howler monkey (D:7)
  5 crimson imps
  6 orc priests
  2 bullfrog skeletons (D:5)
  2 hounds (D:5)
  3 worker ants
  A worker ant zombie (D:5)
  7 adders
  2 oozes
  3 worms
  3 leopard geckos
  11 orcs
  4 giant cockroaches
  4 goblins
  5 hobgoblins
  2 jackals (Sewer)
  9 kobolds
  2 quokkas (D:3)
  4 bats
  2 frilled lizards
  6 rats
91 creatures vanquished.

Notes
Turn   | Place    | Note
-------+----------+-------------------------------------------
     0 | D:1      | Kohma the Troll Berserker began the quest for the Orb.
     0 | D:1      | Reached XP level 1. HP: 22/22 MP: 0/0
   228 | D:1      | Reached XP level 2. HP: 29/29 MP: 1/1
   818 | D:2      | Noticed a hand axe
   818 | D:2      | Noticed a dagger
   819 | D:2      | Found a hide-covered altar of Uskayaw.
   890 | D:2      | Found a shadowy altar of Dithmenos.
   959 | D:2      | Reached XP level 3. HP: 27/36 MP: 2/2
  1052 | D:2      | Noticed Sigmund
  1060 | D:2      | Killed Sigmund
  1060 | D:2      | Reached skill level 4 in Unarmed Combat
  1060 | D:2      | Reached XP level 4. HP: 31/45 MP: 3/3
  1060 | D:2      | Reached XP level 5. HP: 36/53 MP: 4/4
  1663 | D:3      | Reached skill level 5 in Unarmed Combat
  1684 | D:3      | Reached XP level 6. HP: 23/61 MP: 5/5
  1849 | D:3      | Reached ** piety under Trog
  2525 | D:4      | Found a staircase to the Ecumenical Temple.
  2531 | Temple   | Entered the Ecumenical Temple
  2616 | D:4      | Found Xuwkapn's General Store.
  2889 | D:4      | Found a shimmering altar of Xom.
  2983 | D:4      | Reached skill level 1 in Throwing
  2985 | D:4      | Reached XP level 7. HP: 55/70 MP: 6/6
  2998 | D:5      | Entered Level 5 of the Dungeon
  3051 | D:5      | Found a burning altar of Makhleb.
  3112 | D:5      | Reached skill level 6 in Unarmed Combat
  3142 | D:5      | Found a glowing drain.
  3153 | Sewer    | Entered a sewer
  3221 | Sewer    | Noticed Purgy
  3230 | Sewer    | Killed Purgy
  3458 | D:5      | Got a creamy pearl robe
  3480 | D:5      | Reached *** piety under Trog
  3522 | D:5      | Identified the cursed +1 robe of the Pleiades {Dex+3} (You found it on level 5 of the Dungeon)
  3540 | D:5      | Found a bloodstained altar of Trog.
  3574 | D:5      | Reached XP level 8. HP: 76/79 MP: 7/7
  3647 | D:5      | Reached skill level 5 in Fighting
  3865 | D:5      | Reached skill level 7 in Unarmed Combat
  4118 | D:7      | Noticed Duvessa
  4130 | D:7      | Noticed Dowan
  4143 | D:7      | Slain by a vampire

Skill      XL: |  1  2  3  4  5  6  7  8 |
---------------+-------------------------+-----
Fighting       | 3 4 5 |  5.3
Dodging        | 3 4 |  4.5
Unarmed Combat | 4 5 6 7 |  7.2
Throwing       | 1 2 |  2.7

Action                   |  1- 3 |  4- 6 |  7- 9 || total
-------------------------+-------+-------+-------++-------
Melee: Unarmed           |    81 |   115 |   102 ||   298
       Punch             |     1 |       |     2 ||     3
  Use: Scroll            |       |       |    18 ||    18
 Stab: Sleeping          |       |       |     1 ||     1
  Eat: Chunk             |     3 |    23 |     9 ||    35
       Ration            |     1 |     1 |       ||     2
Armor: Animal skin       |    24 |     3 |       ||    27
       Robe              |       |    25 |    49 ||    74
Dodge: Dodged            |    41 |    47 |    93 ||   181
